 Dungeon Crawl Stone Soup version 0.27-a0-1384-g1422d76b99 (webtiles) character file.

Game seed: 17743365420413878067

2051 dickylongcocking the Skirmisher (level 9, -5/67 HPs)
             Began as a Djinni Wanderer on July 1, 2021.
             Was an Initiate of Makhleb.
             Slain by a gnoll (8 damage)
             ... on level 7 of the Dungeon.
             The game lasted 00:07:53 (9032 turns).

dickylongcocking the Skirmisher (Djinni Wanderer)   Turns: 9032, Time: 00:07:54

Health: -5/67      AC:  7    Str: 10    XL:     9   Next: 49%
Gold:   165        EV: 10    Int: 17    God:    Makhleb [......] SH:  4 Dex: 14

rFire    + + .     SeeInvis .   o - +1 dagger (elec)
rCold    x . .     Faith    .   y - +0 buckler
rNeg     + . .     Spirit   .   i - +0 ring mail
rPois    ∞         Reflect  .   (no helmet)
rElec    .         Harm     .   r - +0 cloak
rCorr    .         Rampage  .   t - +0 pair of gloves
Will     .....                  (boots unavailable)
Stlth    +.........             (no amulet)
HPRegen  0.21/turn              j - ring of wizardry
MPRegen  0.00/turn              v - ring of positive energy

@: flying
A: sickness immunity, fire resistance 2, cold vulnerability 1, float, innate
caster, hp casting, extra vitality 1
a: Renounce Religion


You were on level 7 of the Dungeon.
You worshipped Makhleb.
Makhleb was noncommittal.
You visited 2 branches of the dungeon, and saw 8 of its levels.

You collected 277 gold pieces.
You spent 112 gold pieces at shops.

Inventory:

Hand Weapons
 a - a +2 dagger
 o - a +1 dagger of electrocution (weapon)
Missiles
 d - 85 stones (quivered)
 k - 2 throwing nets
Armour
 c - a +0 robe
 i - a +0 ring mail (worn)
 r - a +0 cloak (worn)
 t - a +0 pair of gloves (worn)
 y - a +0 buckler (worn)
Jewellery
 j - a ring of wizardry (left hand)
 v - a ring of positive energy (right hand)
Wands
 z - a wand of paralysis (1)
Scrolls
 b - 6 scrolls of teleportation {unknown}
 e - 6 scrolls of identify {unknown}
 f - a scroll of magic mapping {unknown}
 g - 3 scrolls of immolation {unknown}
 h - a scroll of fog {unknown}
 l - a scroll of vulnerability {unknown}
 m - 2 scrolls of amnesia {unknown}
 n - 3 scrolls of fear {unknown}
 p - a scroll of summoning {unknown}
 u - 3 scrolls of silence {unknown}
 x - a scroll of noise {unknown}
Potions
 q - a potion of resistance
 s - a potion of haste
 w - a potion of mutation
 A - a potion of curing


   Skills:
 + Level 6.7 Fighting
 * Level 4.5 Short Blades
 - Level 1.0 Polearms
 - Level 1.0 Crossbows
 - Level 2.0 Armour
 - Level 1.1 Dodging
 - Level 1.0 Stealth
 + Level 2.2 Shields
 * Level 6.1 Spellcasting
 - Level 1.0 Evocations


You had 2 spell levels left.
You knew the following spells:

 Your Spells              Type           Power      Damage    Failure   Level
a - Sandblast             Erth           52%        2d12      1%          1
b - Stone Arrow           Conj/Erth      52%        3d10      4%          3
c - Pain                  Necr           100%       1d9       1%          1
d - Animate Dead          Necr           13%        N/A       13%         4
e - Beastly Appendage     Tmut           52%        N/A       1%          1
f - Passwall              Tmut/Erth      21%        N/A       1%          2
g - Dazzling Flash        Conj/Hex       52%        N/A       4%          3
v - Vampiric Draining     Necr           13%        2d7       4%          3

Your spell library contained the following spells:

 Spells                   Type           Power      Damage    Failure   Level


Dungeon Overview and Level Annotations

Branches:
Dungeon (7/15)             Temple (1/1) D:5

Altars:
Ashenzari
Cheibriados
Dithmenos
Elyvilon
Fedhas
Gozag
Hepliaklqana
Kikubaaqudgha
Makhleb
Nemelex Xobeh
Ru
Sif Muna
Trog
Vehumet
Wu Jian
Xom
Yredelemnul
Zin
The Shining One

Shops:
D:2 (   D:5 !


Innate Abilities, Weirdness & Mutations

You are immune to sickness and miasma.
You are immune to poison.
Your flesh is very heat resistant. (rF++)
You are vulnerable to cold. (rC-)
You float through the air rather than walking.
You learn spells naturally, not from books.
Your magical power is your life essence.
You have superior vitality. (+4 HP)


Message History

Found 18 arrows.
Items here: ))) [ ††.
Unknown command.
Casting: Vampiric Draining (dangerous; 4% risk of failure)
Confirm with . or Enter, or press ? or * to list all spells.
Aiming: Vampiric Draining (dangerous; 4% risk of failure)
Press: ? - help, Shift-Dir - straight line, f - gnoll
Aim: a gnoll, wielding a +0 halberd You draw life force from the gnoll.
You feel life coursing into your body. The ufetubus misses you.
You block the ufetubus's attack. The gnoll barely misses you.
The ufetubus hits you. The ufetubus barely misses you.
The gnoll barely misses you.
Unknown command.
Casting: Vampiric Draining (dangerous; 4% risk of failure)
Confirm with . or Enter, or press ? or * to list all spells.
Aiming: Vampiric Draining (dangerous; 4% risk of failure)
Press: ? - help, Shift-Dir - straight line, f/p - gnoll
Aim: a gnoll, wielding a +0 halberd (moderately wounded)
You draw life force from the gnoll.
You feel life coursing into your body.
* * * LOW HITPOINT WARNING * * *
The ufetubus hits you but does no damage. x2
The gnoll hits you from afar with a +0 halberd!
* * * LOW HITPOINT WARNING * * *
You block the gnoll's attack.
Unknown command.
Unknown command.
Unknown command.
The ufetubus misses you. The ufetubus closely misses you.
The gnoll hits you with a +0 halberd!
* * * LOW HITPOINT WARNING * * *
Found a stone staircase leading up.
Unknown command.
Okay, then.
Okay, then.
Casting: Vampiric Draining (dangerous; 4% risk of failure)
Confirm with . or Enter, or press ? or * to list all spells.
Okay, then.
Okay, then.
The gnoll hits you from afar with a +0 halberd!
You die...

#.... #.#F..
#..?.###.###.##
#....#..:..#.(# .
#####...###o#'#..#.#
##.........#o#.....<#
##........)g###......#
#.........)))g........
#...........g5........
#..........#..@.##...
#..........#....#
#..........#.#..#
##.>..............
#..........#.##.##
#..........#.# .#
#..........#.# .#
#............# .#
#...........##


You could see 2 orc wizards, 3 gnolls and an ufetubus.

Vanquished Creatures
  5 yaks (D:5)
  2 water moccasins
  A hornet zombie (D:6)
  3 ogres
  A kobold brigand (D:7)
  2 scorpions (D:5)
  A jelly (D:5)
  A centaur skeleton (D:6)
  3 orc priests
  2 hounds
  An iguana (D:5)
  Natasha (thrice) (D:3)
  2 bullfrog skeletons (D:5)
  5 orc wizards
  5 adders
  2 ufetubi
  3 worms
  9 orcs
  6 endoplasms
  7 goblins
  6 hobgoblins
  8 jackals
  5 quokkas
  9 ball pythons
  2 bats
  2 frilled lizards
  10 kobolds
  8 rats
114 creatures vanquished.

Notes
Turn   | Place    | Note
-------+----------+-------------------------------------------
     0 | D:1      | dickylongcocking the Djinni Wanderer began the quest for
                  | the Orb.
     0 | D:1      | Reached XP level 1. HP: 18/18 MP: 0/0
   146 | D:1      | Reached XP level 2. HP: 21/23 MP: 0/0
   556 | D:1      | Reached skill level 1 in Spellcasting
  1110 | D:2      | Reached XP level 3. HP: 27/29 MP: 0/0
  1110 | D:2      | Learned a level 1 spell: Beastly Appendage
  1871 | D:2      | Found a faded altar of an unknown god.
  1924 | D:2      | Reached XP level 4. HP: 31/35 MP: 0/0
  1983 | D:2      | Found Exunathusu's Weapon Shoppe.
  3091 | D:3      | Reached XP level 5. HP: 36/40 MP: 0/0
  3091 | D:3      | Learned a level 2 spell: Passwall
  3151 | D:3      | Noticed Natasha
  3169 | D:3      | Killed Natasha
  3279 | D:3      | Noticed Natasha
  3284 | D:3      | Killed Natasha
  3298 | D:3      | Noticed Natasha
  3308 | D:3      | Killed Natasha
  3792 | D:3      | Found a sparkling altar of Nemelex Xobeh.
  4267 | D:4      | Reached XP level 6. HP: 44/47 MP: 0/0
  4879 | D:5      | Entered Level 5 of the Dungeon
  5214 | D:5      | Noticed an ogre
  5226 | D:5      | Killed an ogre
  5239 | D:5      | Reached XP level 7. HP: 33/53 MP: 0/0
  5239 | D:5      | Learned a level 3 spell: Dazzling Flash
  5448 | D:5      | Noticed a water moccasin
  5449 | D:5      | Reached skill level 5 in Fighting
  5701 | D:4      | Killed a water moccasin
  6188 | D:5      | Reached XP level 8. HP: 20/60 MP: 0/0
  6627 | D:5      | Found Viurrea's Distillery.
  6692 | D:5      | Found a staircase to the Ecumenical Temple.
  6743 | D:5      | Noticed a yak
  6743 | D:5      | Noticed a yak
  6772 | D:5      | Killed a yak
  6773 | D:5      | Reached skill level 1 in Short Blades
  6786 | D:5      | Bought a potion of mutation for 112 gold pieces
  6802 | Temple   | Entered the Ecumenical Temple
  7004 | Temple   | Became a worshipper of Makhleb the Destroyer
  7054 | D:5      | Noticed a yak
  7055 | D:5      | Noticed a yak
  7055 | D:5      | Noticed a yak
  7081 | D:5      | Killed a yak
  7082 | D:5      | Reached skill level 5 in Spellcasting
  7084 | D:5      | Killed a yak
  7088 | D:5      | Killed a yak
  7094 | D:5      | Killed a yak
  7095 | D:5      | Reached XP level 9. HP: 33/67 MP: 0/0
  7095 | D:5      | Learned a level 4 spell: Animate Dead
  7729 | D:6      | HP: 1/67 [ice beast (18)]
  8918 | D:6      | Found a glowing silver altar of Zin.
  8919 | D:6      | Noticed an angel
  9031 | D:7      | HP: 3/67 [gnoll (9)]
  9032 | D:7      | Slain by a gnoll

Illustrated notes

Levels and vault maps discovered:
D:1:      nzn_arrival_crosshair, layout_loops_ring, minmay_tromino_v4_b
D:2:      layout_rooms, hellmonk_ecumenical_altar_leap_of_faith, serial_shops,
          nicolae_shop_waterfront
D:3:      layout_rooms, lemuel_coloured_pillars_altar, uniq_natasha
D:4:      layout_gridville
D:5:      layout_loops_ring, led_sif_pool, minmay_temple_entry_poolview,
          serial_shops, shop, minmay_fractal_squares_diagonal_5
D:6:      layout_rooms, zin_angel
D:7:      layout_rooms, okawaru_trees_1, overflow_temple_1_default,
          minmay_a_box_with_orc_wizards_in_it
Temple:   eino_temple_scatter_basement

Skill      XL: |  1  2  3  4  5  6  7  8  9 |
---------------+----------------------------+-----
Spellcasting   | 1 2 3 4 5 6 |  6.1
Fighting       | 3 4 5 6 |  6.7
Short Blades   | 3 4 |  4.5
Shields        | 2 |  2.2
Polearms       | |  1.0
Crossbows      | |  1.0
Armour         | |  2.0
Dodging        | |  1.1
Stealth        | |  1.0
Evocations     | |  1.0

Action                   |  1- 3 |  4- 6 |  7- 9 || total
-------------------------+-------+-------+-------++-------
Melee: Dagger            |   127 |   155 |   125 ||   407
       Headbutt          |       |     6 |       ||     6
 Cast: Beastly Appendage |       |     6 |       ||     6
       Sandblast         |       |    26 |    31 ||    57
       Stone Arrow       |       |     3 |     2 ||     5
       Vampiric Draining |       |     1 |    35 ||    36
       Dazzling Flash    |       |       |     2 ||     2
  Use: Potion            |     1 |     3 |     3 ||     7
 Stab: Sleeping          |     2 |       |       ||     2
       Invisible         |       |       |     1 ||     1
Armor: Robe              |     6 |       |       ||     6
       Ring mail         |    31 |    71 |    65 ||   167
       Skin              |       |       |     2 ||     2
Dodge: Dodged            |    61 |    93 |    98 ||   252
Block: Buckler           |       |       |    19 ||    19

Table legend: (Time is in decaauts)
 A = Elapsed time spent in this place.
 B = Non-inter-level travel time spent in this place.
 C = Inter-level travel time spent in this place.
 D = Time resting spent in this place.
 E = Time spent auto-exploring this place.
 F = Levels seen in this place.
 G = Mean time per level.
                   A        B        C        D        E       F      G
               +--------+--------+--------+--------+--------+-----+--------+
         Total |   9027 |   8728 |    299 |   2120 |   5508 |   8 | 1128.4 |
       Dungeon |   8811 |   8550 |    261 |   2120 |   5333 |   7 | 1258.7 |
        Temple |    215 |    177 |     38 |      0 |    175 |   1 |  215.0 |
               +--------+--------+--------+--------+--------+-----+--------+

Top non-repeatable levels by time:
     D:5: 2301 daAuts
     D:1: 1569 daAuts
     D:4: 1494 daAuts
     D:2: 1276 daAuts
     D:3: 1111 daAuts
     D:6: 1009 daAuts
  Temple: 215 daAuts
     D:7: 49 daAuts
